 Dungeon Crawl Stone Soup version 0.21.1-1-g345015f (webtiles) character file.

285 VLARC the Skirmisher (level 6, -14/53 HPs)
             Began as a Ghoul Ice Elementalist on Apr 4, 2018.
             Was an Initiate of Ru.
             Demolished by an orc warrior
             ... wielding a +3 halberd
              (22 damage)
             ... on level 5 of the Dungeon.
             The game lasted 00:08:20 (3634 turns).

VLARC the Skirmisher (Ghoul Ice Elementalist)       Turns: 3634, Time: 00:08:21

Health: -14/53     AC:  6    Str: 12    XL:     6   Next: 29%
Magic:  7/7        EV: 10    Int: 12    God:    Ru [......]
Gold:   132        SH:  0    Dex:  9    Spells: 7/8 levels left

rFire    . . .     SeeInvis .     - Unarmed
rCold    + . .     Gourm    .   (no shield)
rNeg     + + +     Faith    .   d - +0 ring mail
rPois    ∞         Spirit   .   o - +0 helmet
rElec    .         Reflect  .   (no cloak)
rCorr    .         Harm     .   (no gloves)
MR       .....                  (no boots)
Stlth    ..........             (no amulet)
HPRegen  0.00/turn              (no ring)
MPRegen  0.10/turn              (no ring)

@: very slightly contaminated, rotting, invisible
A: rotting body, claws 1, carnivore, cold resistance 1, negative energy
resistance 3, inhibited regeneration, torment resistance, unbreathing, no
stealth
a: Renounce Religion


You were on level 5 of the Dungeon.
You worshipped Ru.
Ru was noncommittal.
You were not hungry.

You visited 1 branch of the dungeon, and saw 5 of its levels.

You collected 132 gold pieces.

Inventory:

Missiles
 h - 84 stones (quivered)
Armour
 d - a +0 ring mail (worn)
 o - a +0 helmet (worn)
Scrolls
 e - 5 scrolls of identify {unknown}
 f - 2 scrolls of enchant armour {unknown}
 i - a scroll of enchant weapon {unknown}
 j - 2 scrolls of fear {unknown}
 n - a scroll of magic mapping {unknown}
 r - a scroll of blinking {unknown}
 s - a scroll of teleportation {unknown}
Potions
 a - a potion of curing
 g - a potion of lignification
 l - 2 potions of flight
 q - a potion of brilliance {unknown}
Books
 b - a book of Frost

   Spells                             Type                      Level
   a - Freeze                         Ice                          1
   b - Throw Frost                    Conjuration/Ice              2
   c - Ozocubu's Armour               Charms/Ice                   3
   d - Throw Icicle                   Conjuration/Ice              4
   e - Summon Ice Beast               Ice/Summoning                4
Comestibles
 c - 2 rations
 k - 3 chunks of flesh


   Skills:
 + Level 4.5 Fighting
 - Level 1.7 Dodging
 + Level 4.5 Unarmed Combat
 - Level 1.7 Spellcasting
   Level 0.7 Conjurations
 - Level 3.2 Ice Magic


You had 7 spell levels left.
You knew the following spells:

 Your Spells              Type           Power        Failure   Level  Hunger
a - Freeze                Ice            #...         17%         1    ##.....


Dungeon Overview and Level Annotations

Branches:
Dungeon (5/15)
 Temple: D:4-7

Altars:
Cheibriados
Fedhas
Nemelex Xobeh
Ru
Sif Muna
Trog


Innate Abilities, Weirdness & Mutations

Your body is rotting away.
You thrive on raw meat.
You are immune to poison.
You have sharp fingernails.
You are carnivorous and can eat meat at any time.
Your flesh is cold resistant. (rC+)
You are immune to negative energy. (rN+++)
You do not regenerate when monsters are visible.
You are immune to unholy pain and torment.
You can survive without breathing.
You cannot be stealthy.


Message History

You scratch the orc warrior but do no damage.
The orc warrior is moderately wounded.
The orc warrior hits you with an enchanted halberd.
You scratch the orc warrior but do no damage.
The orc warrior is moderately wounded.
The orc warrior hits you with an enchanted halberd!
* * * LOW HITPOINT WARNING * * *
You claw the orc warrior!
The orc warrior is severely wounded.
You feel much better.
The orc warrior hits you but does no damage.
You catch the helpless orc warrior completely off-guard!
You scratch the orc warrior but do no damage.
The orc warrior is severely wounded.
The orc warrior hits you with an enchanted halberd!
* * * LOW HITPOINT WARNING * * *
You closely miss the orc warrior.
The orc warrior is severely wounded.
The orc warrior hits you with an enchanted halberd!!
You die...

#.# #.# #.# #o# #
#.# #. #o# #. #.#
.####.#########.#
.......@ooo.....#
.####.###########
#


You could see an orc warrior and 2 orcs.

Vanquished Creatures
  Jessica (D:2)
  Natasha (thrice) (D:2)
  Robin (D:2)
  3 adders
  3 gnolls
  2 worms
  6 dart slugs
  4 leopard geckos
  8 orcs
  7 bats
  2 giant cockroaches
  19 goblins
  10 hobgoblins
  7 kobolds
  4 quokkas
  2 ball pythons
  6 frilled lizards
  6 rats
94 creatures vanquished.

Vanquished Creatures (others)
  A bat (D:2)
1 creature vanquished.

Grand Total: 95 creatures vanquished

Notes
Turn   | Place    | Note
-------+----------+-------------------------------------------
     0 | D:1      | VLARC the Ghoul Ice Elementalist began the quest for the Orb.
     0 | D:1      | Reached XP level 1. HP: 14/14 MP: 2/2
   248 | D:1      | Reached skill level 1 in Fighting
   248 | D:1      | Reached skill level 1 in Unarmed Combat
   386 | D:1      | Reached XP level 2. HP: 16/23 MP: 3/3
  1152 | D:2      | Noticed Jessica
  1166 | D:2      | Killed Jessica
  1166 | D:2      | Reached XP level 3. HP: 15/30 MP: 4/4
  1180 | D:2      | Reached XP level 4. HP: 10/37 MP: 0/5
  1253 | D:2      | Noticed Natasha
  1280 | D:2      | Killed Natasha
  1354 | D:2      | Noticed Natasha
  1358 | D:2      | Noticed Robin
  1649 | D:2      | Killed Natasha
  1650 | D:2      | Reached XP level 5. HP: 36/45 MP: 0/6
  1982 | D:2      | Found a sacrificial altar of Ru.
  1995 | D:2      | Became a worshipper of Ru the Awakened
  2027 | D:2      | Found a sparkling altar of Nemelex Xobeh.
  2284 | D:2      | Killed Robin
  2339 | D:2      | Noticed Natasha
  2354 | D:2      | Killed Natasha
  2354 | D:2      | Reached XP level 6. HP: 8/52 MP: 5/7
  2372 | D:2      | Found a faded altar of an unknown god.
  2799 | D:3      | Found a sacrificial altar of Ru.
  3023 | D:3      | Found a blossoming altar of Fedhas.
  3064 | D:3      | Gained mutation: You cannot be stealthy. [Ru sacrifice]
  3160 | D:3      | Found a deep blue altar of Sif Muna.
  3177 | D:3      | Found a snail-covered altar of Cheibriados.
  3198 | D:3      | Found a bloodstained altar of Trog.
  3410 | D:4      | Noticed a two-headed ogre
  3510 | D:5      | Entered Level 5 of the Dungeon
  3545 | D:5      | Noticed an orc warrior
  3634 | D:5      | Demolished by an orc warrior

Skill      XL: |  1  2  3  4  5  6 |
---------------+-------------------+-----
Fighting       | 1 2 3 4 |  4.5
Unarmed Combat | 1 2 3 4 |  4.5
Stealth        | 0 |  0.0
Dodging        | |  1.7
Spellcasting   | |  1.7
Conjurations   | |  0.7
Ice Magic      | |  3.2

Action                   |  1- 3 |  4- 6 || total
-------------------------+-------+-------++-------
Melee: Unarmed           |   105 |   271 ||   376
       Punch             |       |     3 ||     3
 Cast: Freeze            |     3 |    13 ||    16
Invok: Sacrifice Stealth |       |     1 ||     1
  Use: Potion            |       |     7 ||     7
 Stab: Invisible         |       |     2 ||     2
  Eat: Chunk             |     1 |    33 ||    34
Armor: Ring mail         |    42 |    97 ||   139
Dodge: Dodged            |    60 |   148 ||   208
